AoeStats
← bpaquereau

Arena

509278310Analyzed
4v4 RM · 6d ago on Sep 26, 2026· 49m 46s· 8 players
Game mode
Random Map
Map size
Large (8 player)
Population
200
Speed
Normal
Resources
Standard
Victory
Conquest
Starting age
Dark Age
Ending age
Imperial Age
RankedLock teamsTeams togetherTeam positionsShared explorationLock speedFull tech treeHidden civsTurbo modeCheats
Victory
Defeat
🇺🇸 Danes · United States
1123
+17
🇫🇷 Japanese · France
1109
+17
🇨🇴 Italians · Colombia
1100
+18
🇨🇳 Koreans · China
1043
+20
🇺🇸 Persians · United States
1393
-28
🇨🇦 Portuguese · Canada
1210
-21
🇨🇴 Saracens · Colombia
1086
-16
🇵🇰 Spanish · Pakistan
859
-7
LastManStandin_1
3:17 Loom
9:20 Feudal Age
12:06 Double-Bit Axe
17:27 Castle Age
16:08 Horse Collar
17:07 Forging
16:58 Gold Mining
17:52 Scale Mail Armor
19:27 Gold Shaft Mining
18:59 Heavy Plow
19:11 Squires
19:38 Arson
20:14 Bow Saw
23:35 Wheelbarrow
25:17 Chain Mail Armor
26:29 Stone Mining
30:31 Iron Casting
30:52 Hand Cart
35:55 Imperial Age
37:51 Gold Shaft Mining
36:46 Elite Jomsviking
45:06 Blast Furnace
44:37 Plate Mail Armor
43:34 Onager
44:36 Hamask
46:53 Conscription
48:15 Siege Onager
InvasorDePastos
11:33 Feudal Age
15:37 Castle Age
13:49 Double-Bit Axe
14:10 Stone Mining
15:19 Loom
18:31 Fletching
19:46 Bodkin Arrow
24:47 Imperial Age
27:27 Wheelbarrow
27:32 Bracer
30:17 Padded Archer Armor
31:04 Bow Saw
30:46 Gold Mining
32:06 Conscription
32:54 Ballistics
34:42 Hand Cart
35:31 Two-Man Saw
36:36 Leather Archer Armor
37:23 Chemistry
38:17 Ring Archer Armor
38:59 Elite Genoese Crossbowman
41:32 Treadmill Crane
47:56 Stone Shaft Mining
130农在出兵
10:28 Feudal Age
14:01 Castle Age
11:59 Horse Collar
12:27 Double-Bit Axe
23:54 Loom
24:44 Wheelbarrow
25:03 Heavy Plow
25:16 Bow Saw
25:10 Gold Mining
25:10 Stone Mining
26:50 Hand Cart
26:31 Stone Mining
27:51 Treadmill Crane
30:46 Imperial Age
29:56 Forging
29:46 Scale Mail Armor
29:49 Squires
29:34 Arson
30:05 Eupseong
30:54 Stone Shaft Mining
30:55 Gold Shaft Mining
30:15 Fletching
31:02 Town Watch
31:55 Conscription
31:16 Elite Fire Lancer
32:38 Iron Casting
32:19 Chain Mail Armor
31:59 Bodkin Arrow
32:15 Siege Engineers
34:43 Plate Mail Armor
34:13 Bracer
37:45 Town Patrol
37:53 Scale Barding Armor
38:36 Ballistics
39:52 Chemistry
38:38 Arrowslits
39:05 Fortified Wall
38:50 Murder Holes
39:06 Masonry
42:38 Shinkichon
46:21 Architecture
46:12 Chain Barding Armor
47:03 Heavy Rocket Cart
bpaquereau
9:46 Feudal Age
14:40 Castle Age
13:20 Double-Bit Axe
14:11 Horse Collar
15:58 Bow Saw
18:25 Wheelbarrow
21:04 Heavy Plow
21:37 Stone Mining
23:48 Loom
25:10 Hand Cart
25:55 Gold Mining
28:06 Squires
27:51 Arson
27:27 Pikeman
28:09 Scale Mail Armor
28:19 Forging
28:43 Treadmill Crane
30:26 Gold Shaft Mining
30:38 Chain Mail Armor
30:58 Iron Casting
33:06 Imperial Age
31:19 Iron Casting
31:34 Masonry
31:44 Ballistics
32:09 Guard Tower
32:30 Fortified Wall
32:14 Fletching
32:24 Padded Archer Armor
32:41 Yasama
32:41 Murder Holes
34:52 Two-Man Saw
34:56 Blast Furnace
34:26 Plate Mail Armor
33:19 Halberdier
34:50 Leather Archer Armor
34:30 Bodkin Arrow
35:44 Chemistry
34:30 Arrowslits
35:21 Keep
35:46 Conscription
36:07 Parthian Tactics
35:49 Thumb Ring
40:26 Kataparuto
40:44 Siege Engineers
48:43 Bracer
49:14 Ring Archer Armor
trashypanda
10:50 Feudal Age
12:00 Loom
12:48 Double-Bit Axe
15:30 Castle Age
16:21 Bow Saw
18:30 Wheelbarrow
19:22 Horse Collar
21:59 Heavy Plow
25:35 Hand Cart
25:51 Gold Mining
28:48 Imperial Age
29:37 Elite Organ Gun
30:56 Conscription
31:42 Arquebus
32:48 Fortified Wall
33:40 Chemistry
36:26 Crossbowman
38:38 Ballistics
38:14 Fletching
38:25 Padded Archer Armor
sesquipedalia
6:53 Loom
10:14 Feudal Age
10:47 Feudal Age
11:27 Double-Bit Axe
14:26 Castle Age
15:11 Horse Collar
19:15 Heavy Plow
19:39 Bow Saw
19:52 Heavy Plow
20:57 Wheelbarrow
24:06 Hand Cart
24:11 Town Watch
26:06 Stone Mining
26:08 Gold Mining
29:58 Imperial Age
28:45 Forging
28:41 Scale Barding Armor
29:59 Bloodlines
29:36 Cavalier
30:37 Chain Barding Armor
30:53 Iron Casting
31:21 Chemistry
31:54 Two-Man Saw
31:32 Crop Rotation
33:23 Husbandry
34:37 Ballistics
34:28 Masonry
34:21 Caravan
36:19 Kamandaran
37:18 Thumb Ring
36:33 Crossbowman
36:34 Elite Skirmisher
37:27 Citadels
37:08 Savar
38:20 Light Cavalry
42:29 Conscription
42:54 Coinage
44:12 Stone Shaft Mining
44:16 Gold Shaft Mining
44:18 Plate Barding Armor
43:56 Hussar
46:41 Capped Ram
48:54 Architecture
48:19 Murder Holes
Yepes
8:43 Loom
10:47 Feudal Age
12:47 Double-Bit Axe
15:50 Castle Age
15:12 Horse Collar
16:48 Bow Saw
19:11 Wheelbarrow
19:43 Heavy Plow
25:25 Hand Cart
26:27 Gold Mining
30:51 Imperial Age
28:01 Crossbowman
28:46 Thumb Ring
31:28 Gold Shaft Mining
30:44 Stone Mining
31:09 Scale Barding Armor
31:14 Forging
30:55 Fletching
32:45 Two-Man Saw
35:21 Hoardings
34:56 Siege Engineers
34:30 Onager
35:43 Murder Holes
36:49 Chemistry
36:08 Bodkin Arrow
36:52 Bracer
36:53 Padded Archer Armor
37:33 Light Cavalry
38:24 Bloodlines
38:15 Husbandry
39:20 Iron Casting
39:17 Arbalester
43:05 Leather Archer Armor
43:04 Town Watch
43:57 Masonry
43:34 Hussar
47:52 Conscription
47:58 Counterweights
Wild Nût Buster
6:43 Loom
11:23 Feudal Age
13:28 Double-Bit Axe
17:16 Castle Age
18:43 Fletching
23:51 Bodkin Arrow
25:59 Scale Barding Armor
26:16 Bow Saw
30:43 Elite Skirmisher
43:00 Imperial Age
41:34 Padded Archer Armor
Connection lost

Rejoining the realm…

Still unreachable

The connection could not be restored.

Session expired

The server has moved on; the page needs a fresh start.